 Dungeon Crawl Stone Soup version 0.29.0-4-gdea44cf6ec (webtiles) character file.

Game seed: 5032703816680447189

44 qw the Chopper (level 3, -1/21 HPs)
             Began as a Tengu Warper on Aug 29, 2022.
             Slain by a goblin
             ... wielding a +0 dagger
             ... led by Robin
              (2 damage)
             ... on level 2 of the Dungeon.
             The game lasted 00:00:13 (1018 turns).

qw the Chopper (Tengu Warper)                       Turns: 1018, Time: 00:00:14

Health: -1/21      AC:  5    Str: 13    XL:     3   Next: 62%
Magic:  7/7        EV: 11    Int: 13    God:
Gold:   78         SH:  0    Dex: 13    Spells: 6/6 levels left

rFire   . . .      SeeInvis +   Y - +0 hand axe
rCold   . . .      Faith    .   (no shield)
rNeg    . . .      Spirit   .   e - +0 ring mail
rPois   .          Reflect  .   (helmet restricted)
rElec   .          Harm     .   (no cloak)
rCorr   .          Rampage  .   (no gloves)
Will    .....                   (boots unavailable)
Stlth   +.........              (no amulet)
HPRegen 0.07/turn               b - ring of see invisible
MPRegen 0.10/turn               (no ring)

@: no status effects
A: beak, talons 3
a: no special abilities


You were on level 2 of the Dungeon.
You visited 1 branch of the dungeon, and saw 2 of its levels.

You collected 78 gold pieces.


Innate Abilities, Weirdness & Mutations

You have a beak for a mouth.
You have claws for feet.


   Skills:
 - Level 2.0 Fighting
 + Level 4.3 Axes
 - Level 1.0 Throwing
 - Level 1.1 Armour
 - Level 2.1 Dodging
 - Level 2.0 Spellcasting
 - Level 2.4 Translocations


You had 6 spell levels left.
You didn't know any spells.
Your spell library contained the following spells:

 Spells                   Type           Power      Damage    Failure   Level
 Blink                    Tloc           14%        N/A       30%         2
 Gell's Gravitas          Tloc           7%         N/A       52%         3
 Lesser Beckoning         Tloc           7%         N/A       52%         3
 Teleport Other           Tloc           7%         N/A       52%         3
 Manifold Assault         Tloc           7%         N/A       99%         5

Inventory:

Hand Weapons
 d - a +0 whip
 Y - a +0 hand axe (weapon)
Armour
 c - a +2 chain mail of cold resistance
 e - a +0 ring mail (worn)
Jewellery
 b - a ring of see invisible (left hand)
Scrolls
 a - a scroll of enchant weapon {unknown}
Potions
 f - a potion of resistance
 i - a potion of cancellation {unknown}
 j - a potion of flight {unknown}

Dungeon Overview and Level Annotations

Branches:
Dungeon (2/15)

Altars:

Shops:
D:1 *


Message History

The hobgoblin shouts!
You hit Robin. You claw Robin.
Robin is heavily wounded.
You hear a shout!
Robin hits you but does no damage.
You hit Robin. You claw Robin. You peck Robin.
Robin is severely wounded.
Robin hits you with a +0 falchion.
You hit Robin. You claw Robin.
You kill Robin!
You barely miss the hobgoblin. Your kick misses the hobgoblin.
The hobgoblin barely misses you.
You completely miss the hobgoblin. You claw the hobgoblin.
The hobgoblin is moderately wounded.
You barely miss the hobgoblin.
The hobgoblin is moderately wounded.
You barely miss the goblin. The hobgoblin hits you.
The goblin hits you with a +0 dagger.
You hit the hobgoblin.
The hobgoblin is almost dead.
You completely miss the goblin. The hobgoblin closely misses you.
The goblin completely misses you. The hobgoblin hits you.
The goblin closely misses you.
You barely miss the hobgoblin.
You claw the hobgoblin, but do no damage.
You peck the hobgoblin.
You kill the hobgoblin!
You hit the goblin. The goblin hits you with a +0 dagger.
You hit the goblin.
You kill the goblin!
You hit the goblin. Your kick misses the goblin.
The goblin is heavily wounded.
The goblin hits you but does no damage.
You closely miss the goblin.
The goblin is heavily wounded.
A goblin comes into view. It is wielding a +0 dagger.
1018 ||| Stepping ~*~*~tactically~*~*~ (stealth).
The goblin attacks as you move away! The goblin hits you with a +0 dagger.
You die...

#######.#...........#.#.#
#### #.########.#.##.#.#
...## #.# #.#.##.#.#
....###.###### #.#....#)#
.............# #.###..).#
....##%#####.# #.###.####
....##.....# #.#...#
#######....# #.#.###
......# #@..#
..##g...gg.##
..###.###..# ..# . #..#
..# .>.# ###.# #.# #.#


You could see 3 goblins.

Vanquished Creatures
  Robin (D:2)
  A dart slug (D:1)
  2 bats (D:1)
  An endoplasm (D:2)
  2 giant cockroaches (D:1)
  5 goblins
  5 hobgoblins
  2 kobolds
  2 quokkas
  5 ball pythons
  2 rats (D:1)
28 creatures vanquished.

Notes
Turn   | Place    | Note
-------+----------+-------------------------------------------
     0 | D:1      | qw the Tengu Warper began the quest for the Orb.
     0 | D:1      | Reached XP level 1. HP: 12/12 MP: 4/4
     0 | D:1      | 0 ||| qw: Version: 0.1-a-89-g26bdef1
     0 | D:1      | 0 ||| qw: Game counter: 3580
     0 | D:1      | 0 ||| qw: Always use a shield: true
     0 | D:1      | 0 ||| qw: God list: Okawaru
     0 | D:1      | 0 ||| qw: Allow faded altars: false
     0 | D:1      | 0 ||| qw: Do Orc after D:15 true
     0 | D:1      | 0 ||| qw: Do second Lair branch before Depths: true
     0 | D:1      | 0 ||| qw: Lair rune preference: random
     0 | D:1      | 0 ||| qw: Plans: Normal
     0 | D:1      | 0 ||| PLANNING D:1-11
    26 | D:1      | 26 ||| Stepping ~*~*~tactically~*~*~ (stealth).
    34 | D:1      | 34 ||| Stepping ~*~*~tactically~*~*~ (stealth).
   201 | D:1      | Found Konn's General Store.
   210 | D:1      | 210 ||| SHOPLISTING 3 scrolls of identify (72 gold, have
                  | 0).
   245 | D:1      | Reached XP level 2. HP: 15/17 MP: 6/6
   282 | D:1      | Reached skill level 3 in Axes
   415 | D:1      | 415 ||| UPGRADING to +0 ring mail.
   533 | D:1      | 533 ||| DROPPING +0 leather armour.
   608 | D:1      | Found a faded altar of an unknown god.
   816 | D:1      | 816 ||| UPGRADING to ring of see invisible.
   817 | D:1      | 817 ||| READING scroll labelled POEFAI ZE LEMI.
   818 | D:1      | 818 ||| READING 2 scrolls labelled WAXZOI TOR WYC.
   819 | D:1      | 819 ||| DRINKING 2 pink potions.
   820 | D:1      | 820 ||| DROPPING scroll of blinking.
   821 | D:1      | 821 ||| DROPPING scroll of magic mapping.
   910 | D:2      | Reached XP level 3. HP: 21/21 MP: 7/7
   946 | D:2      | 946 ||| Stepping ~*~*~tactically~*~*~ (stealth).
   950 | D:2      | 950 ||| Stepping ~*~*~tactically~*~*~ (stealth).
   963 | D:2      | Reached skill level 4 in Axes
  1001 | D:2      | Noticed Robin
  1002 | D:2      | 1002 ||| Stepping ~*~*~tactically~*~*~ (hiding).
  1009 | D:2      | Killed Robin
  1014 | D:2      | HP: 1/21 [goblin/+0 dagger[Robin] (5)]
  1018 | D:2      | 1018 ||| Stepping ~*~*~tactically~*~*~ (stealth).
  1018 | D:2      | Slain by a goblin

Levels and vault maps discovered:
D:1:      amcnicky_arrival_flooded_fountain, layout_loops_ring, serial_glass,
          glass_columns_b, glass_columns_c, ebering_ecumenical_altar_mist,
          serial_shops, nicolae_shop_hallway_plus
D:2:      layout_basic, uniq_crazy_yiuf_cottage, uniq_terence, uniq_jessica,
          uniq_robin

Skill      XL: |  1  2  3 |
---------------+----------+-----
Axes           | 3 4 |  4.3
Fighting       | |  2.0
Throwing       | |  1.0
Armour         | |  1.1
Dodging        | |  2.1
Spellcasting   | |  2.0
Translocations | |  2.4

Action                   || total
-------------------------++-------
Melee: Hand axe          ||    63
       Kick              ||    16
       Peck              ||     7
Throw: Boomerang         ||     7
  Use: Scroll            ||     2
       Potion            ||     1
Armor: Leather armour    ||     6
       Ring mail         ||    14
Dodge: Dodged            ||    32

Table legend:
 A = Non-vault XP
 B = Vault XP
 C = Vault XP percentage of total XP
 D = Non-vault monster count
 E = Vault monster count
 F = Vault count percentage of total count
                 A         B        C        D         E       F
            +---------+---------+-------+---------+---------+-------
      Total |      37 |      27 |  42.2 |      21 |       7 |  25.0
            +---------+---------+-------+---------+---------+-------
        D:1 |      28 |       0 |   0.0 |      16 |       0 |   0.0
        D:2 |       9 |      27 |  75.0 |       5 |       7 |  58.3
            +---------+---------+-------+---------+---------+-------
